 Dungeon Crawl Stone Soup version 0.14.1-26-g5a19342 (webtiles) character file.

3226 effractur the Basher (level 9, 0/80 HPs)
             Began as a Minotaur Fighter on July 23, 2014.
             Was a Priest of Okawaru.
             Slain by a four-headed hydra (5 damage)
             ... on Level 8 of the Dungeon.
             The game lasted 00:32:35 (8710 turns).

effractur the Basher (Minotaur Fighter)             Turns: 8710, Time: 00:32:35

HP   0/80        AC 12     Str 24      XL: 9   Next: 47%
MP   0/4         EV  8     Int  5      God: Okawaru [***...]
Gold 368         SH 22     Dex 10      Spells:  0 memorised,  8 levels left

rFire  . . .     SeeInvis .     p - +0 morningstar
rCold  . . .     Clarity  .     b - +0 scale mail
rNeg   . . .     Conserve .     c - +0 shield
rPois  .         rCorr    .     (helmet restricted)
rElec  .         rRot     .     K - +0 cloak
SustAb . .       Spirit   +     P - +0 pair of gloves
rMut   .         Warding  .     W - +0 pair of boots
Saprov . . .     Stasis   .     i - amulet of guardian spirit
MR     .....                    (no ring)
                                (no ring)

@: not resistant to hostile enchantments, extremely unstealthy
A: retaliatory headbutt, horns 2
a: Heroism, Renounce Religion


You were on level 8 of the Dungeon.
You worshipped Okawaru.
Okawaru was most pleased with you.
You were not hungry.

You visited 2 branches of the dungeon, and saw 9 of its levels.
You also visited: Sewer.

You collected 368 gold pieces.

Inventory:

Hand weapons
 p - a +0,+0 morningstar (weapon)
Missiles
 a - 7 poisoned needles
Armour
 b - a +0 scale mail (worn)
 c - a +0 shield (worn)
 K - a +0 cloak (worn)
 P - a +0 pair of gloves (worn)
 W - a +0 pair of boots (worn)
Magical devices
 x - a wand of digging (14)
 A - a wand of flame (7)
Comestibles
 d - a bread ration
 j - a banana
 o - 2 meat rations
 q - a chunk of bat flesh
 B - 2 pears
 H - a lychee
Scrolls
 h - 3 scrolls of magic mapping {unknown}
 l - 5 scrolls of blinking
 n - a scroll of summoning {unknown}
 t - 2 scrolls of noise
 v - 4 scrolls of enchant weapon I
 w - 2 scrolls of fear
 y - 2 scrolls of immolation
 D - a scroll of enchant armour {unknown}
 E - a scroll of remove curse
 L - a scroll of teleportation {unknown}
 N - 2 scrolls of fog {unknown}
 O - 2 scrolls of recharging {unknown}
 S - a scroll of vulnerability {unknown}
Jewellery
 i - an amulet of guardian spirit (around neck)
 R - an uncursed ring of ice
Potions
 e - 4 potions of might
 f - a potion of heal wounds
 g - a potion of paralysis {unknown}
 k - 5 potions of curing
 m - 2 potions of flight
 r - 4 potions of degeneration {unknown}
 s - 2 potions of restore abilities {unknown}
 u - 3 potions of brilliance {unknown}
 z - 2 potions of poison {unknown}
 F - a potion of invisibility {unknown}
 G - 3 potions of resistance {unknown}
 Q - a potion of haste
Carrion
 C - a bat skeleton


   Skills:
 + Level 7.7 Fighting
 * Level 9.5 Maces & Flails
 + Level 8.5 Armour
 - Level 3.0 Dodging
 + Level 7.5 Shields


You had 8 spell levels left.
You didn't know any spells.

Dungeon Overview and Level Annotations

Branches:
Dungeon (8/15)             Temple (1/1) D:4
   Lair: D:8-11

Altars:
Ashenzari
Cheibriados
Dithmenos
Elyvilon
Fedhas
Kikubaaqudgha
Makhleb
Nemelex Xobeh
Okawaru
Sif Muna
Trog
Vehumet
Xom
Yredelemnul
Zin
The Shining One


Innate Abilities, Weirdness & Mutations

You reflexively headbutt those who attack you in melee.
You have a pair of horns on your head.


Message History

The porcupine twitches its whiskers.
You block the porcupine's attack.
The four-headed hydra bites you but does no damage. x2
The four-headed hydra bites you!
* * * LOW HITPOINT WARNING * * *
The four-headed hydra bites you but does no damage.
The crocodile bites you.
* * * LOW HITPOINT WARNING * * *
You are struck by the porcupine's spines.
* * * LOW HITPOINT WARNING * * *
You closely miss the porcupine. Your headbutt misses the porcupine.
The porcupine is almost dead.
You hear the faint creaking of an oriflamme, a long way away.
You block the porcupine's attack. The jelly hits you but does no damage.
The yak gores you but does no damage.
The four-headed hydra bites you but does no damage.
The four-headed hydra bites you!
* * * LOW HITPOINT WARNING * * *
The four-headed hydra bites you.
You die...

8......................
........................
.........[..............
........................
#........................
#........................
#.......Y.########.######
#......tDl# #.#
#......r@Y# #.#
#.......rJ# #t##
.........# #Y.#
.........# #....Yl#
.........##......P..#
........#..tPP.P.♣.♣#
...........P.....P..#
....... .....♣.....# ...
.Yf..P.....


You could see a four-headed hydra, 2 yaks, a basilisk, a crocodile, a porcupine,
a jelly and a green rat.

Vanquished Creatures
  Prince Ribbit (D:5)
  Menkaure (D:5)
  A hippogriff (D:7)
  A necrophage (D:8)
  2 ogres
  2 orc warriors (D:7)
  A porcupine (D:8)
  A sky beast (D:7)
  A centaur (D:5)
  A crocodile (D:8)
  Sigmund (D:7)
  4 giant frogs
  2 big kobolds (D:7)
  5 wights (D:6)
  A killer bee (D:7)
  A yak skeleton (D:7)
  A crimson imp (D:7)
  A jelly (D:6)
  An orc priest (D:7)
  2 hounds
  2 iguanas
  6 orc wizards
  A worker ant (D:4)
  Jessica (D:3)
  21 adders
  3 gnolls (D:4)
  5 green rats (Sewer)
  5 worms
  5 giant mites
  A giant eyeball (D:7)
  2 oozes
  18 orcs
  7 giant cockroaches
  10 goblins
  14 hobgoblins
  4 jackals (D:3)
  17 kobolds
  4 quokkas
  10 ball pythons
  12 bats
  2 giant geckos
  9 giant newts
  A goblin skeleton (D:4)
  A kobold skeleton (D:7)
  2 kobold zombies
  2 orc skeletons
  An orc zombie (D:5)
  42 rats
239 creatures vanquished.

Vanquished Creatures (others)
  An orc wizard (D:6)
1 creature vanquished.

Grand Total: 240 creatures vanquished

Notes
Turn   | Place    | Note
--------------------------------------------------------------
     0 | D:1      | effractur, the Minotaur Fighter, began the quest for the Orb.
     0 | D:1      | Reached XP level 1. HP: 19/19 MP: 1/1
   214 | D:1      | Reached XP level 2. HP: 27/27 MP: 1/1
   331 | D:1      | Reached skill level 4 in Armour
   689 | D:2      | Reached XP level 3. HP: 26/33 MP: 2/2
  1232 | D:3      | Reached XP level 4. HP: 38/40 MP: 2/2
  1308 | D:3      | Reached skill level 1 in Dodging
  1784 | D:3      | Reached XP level 5. HP: 24/47 MP: 2/2
  2060 | D:3      | Noticed Jessica
  2083 | D:3      | Killed Jessica
  2466 | D:4      | Reached skill level 5 in Armour
  2922 | D:4      | Found a staircase to the Ecumenical Temple.
  3003 | Temple   | Entered the Ecumenical Temple
  3109 | Temple   | Became a worshipper of Warmaster Okawaru
  3218 | D:4      | Reached XP level 6. HP: 53/53 MP: 3/3
  3424 | D:4      | Noticed an ogre
  3432 | D:4      | Killed an ogre
  3763 | D:5      | Entered Level 5 of the Dungeon
  3763 | D:5      | Noticed Menkaure
  3763 | D:5      | Noticed Prince Ribbit
  3829 | D:5      | Killed Menkaure
  3829 | D:5      | Acquired Okawaru's first power
  3829 | D:5      | Reached skill level 5 in Maces & Flails
  3829 | D:5      | Reached skill level 5 in Shields
  3829 | D:5      | Reached XP level 7. HP: 25/60 MP: 0/3
  4177 | D:5      | Reached skill level 5 in Fighting
  4705 | D:5      | Reached skill level 6 in Armour
  4846 | D:5      | Killed Prince Ribbit
  5040 | D:5      | Found a sparkling altar of Nemelex Xobeh.
  5177 | D:6      | Reached XP level 8. HP: 13/70 MP: 1/3
  5615 | D:6      | Reached skill level 7 in Maces & Flails
  5723 | D:6      | Found a glowing drain.
  5754 | Sewer    | Entered a sewer
  6810 | D:7      | Reached skill level 8 in Maces & Flails
  6859 | D:7      | HP: 1/73 [orc priest/divine providence (15)]
  7097 | D:7      | Paralysed by a giant eyeball for 3 turns
  7103 | D:7      | Paralysed by a giant eyeball for 3 turns
  7145 | D:7      | Reached XP level 9. HP: 70/79 MP: 1/4
  7514 | D:7      | Noticed Sigmund
  7525 | D:7      | Killed Sigmund
  8276 | D:7      | Reached skill level 9 in Maces & Flails
  8700 | D:8      | Noticed a four-headed hydra
  8710 | D:8      | Slain by a four-headed hydra

Action                   |  1- 3 |  4- 6 |  7- 9 || total
-------------------------+-------+-------+-------++-------
Melee: Flail             |    83 |   138 |       ||   221
       Morningstar       |       |    48 |   513 ||   561
Evoke: Wand              |       |     2 |       ||     2
  Use: Scroll            |       |     6 |     7 ||    13
       Potion            |       |     2 |     9 ||    11
